 Seeded DCSS version 0.30-a0-1094-g860fb061e7 (webtiles) character file.

Game seed: 7851298505247932012 (custom seed)

164 Pimp the Trooper (level 5, -8/42 HPs)
             Began as a Demonspawn Fighter on Apr 17, 2023.
             Mangled by an ogre
             ... wielding a +0 giant club
              (15 damage)
             ... on level 4 of the Dungeon.
             The game lasted 00:03:05 (1583 turns).

Pimp the Trooper (Demonspawn Fighter)               Turns: 1583, Time: 00:03:06

Health: -8/42      AC:  6    Str: 17      XL:     5   Next: 21%
Magic:  5/5        EV: 11    Int: 11      God:
Gold:   462        SH:  4    Dex: 11 (12) Spells: 4/4 levels left

rFire   . . .      SeeInvis .    e - +1 war axe (vamp)
rCold   . . .      Faith    .    c - +0 buckler
rNeg    . . .      Spirit   .    b - +0 scale mail
rPois   .          Reflect  .    (no helmet)
rElec   .          Rampage  .    (no cloak)
rCorr   .                        (no gloves)
Will    .....                    (no boots) Stlth
                                 (no amulet)
HPRegen 0.27/turn                (no ring)
MPRegen 0.09/turn                (no ring)

@: mighty
A: repulsion field 1
a: no special abilities


You were on level 4 of the Dungeon.
You visited 1 branch of the dungeon, and saw 3 of its levels.

You collected 631 gold pieces.
You spent 169 gold pieces at shops.

Inventory:

Hand Weapons
 a - a +0 war axe
 e - a +1 vampiric war axe (weapon)
Missiles
 h - a throwing net (quivered)
Armour
 b - a +0 scale mail (worn)
 c - a +0 buckler (worn)
Jewellery
 n - a ring of see invisible
Scrolls
 g - a scroll of amnesia
 i - 3 scrolls of teleportation {unknown}
 j - a scroll of fog {unknown}
 k - a scroll of noise {unknown}
 o - a scroll of identify {unknown}
Potions
 d - a potion of might
 f - a potion of heal wounds {unknown}
 l - a potion of resistance {unknown}
 m - a potion of curing {unknown}


   Skills:
 + Level 3.9 Fighting
 + Level 2.9 Axes
 + Level 3.5 Armour
 + Level 3.5 Shields


You had 4 spell levels left.
You didn't know any spells.
Your spell library contained the following spells:

 Spells                   Type           Power      Damage    Failure   Level
 Freeze                   Ice            0%         1d3       83%         1
 Frozen Ramparts          Ice            0%         1d1       99%         3
 Hailstorm                Conj/Ice       0%         3d3       99%         3


Dungeon Overview and Level Annotations

Branches:
Dungeon (4/15)
 Temple: D:4-7

Altars:

Shops:
D:2 (


Innate Abilities, Weirdness & Mutations

You are surrounded by a mild repulsion field. (EV +2)


Message History

There is an open door here.
You see here a +0 hand axe.
Found a stone staircase leading up.
A goblin comes into view. It is wielding a +0 dagger.
Found a stone staircase leading up.
The goblin shouts!
The goblin moves out of view.
A goblin and a dart slug come into view.
Found 4 stones.
The dart slug launches a dart at you. The slug dart misses you.
The goblin hits you with a +0 dagger.
You barely miss the goblin. The goblin hits you with a +0 dagger.
You closely miss the goblin. You hit the dart slug.
The goblin hits you with a +0 dagger.
You closely miss the goblin. You hit the dart slug.
You kill the dart slug!
The goblin hits you but does no damage. The goblin barely misses you.
You barely miss the goblin. The goblin closely misses you.
You closely miss the goblin. The goblin hits you but does no damage.
The goblin closely misses you.
You slash the goblin!
You kill the goblin!
You see here a +0 dagger.
Unknown command.
Found a whip.
An ogre comes into view. It is wielding a +0 giant club.
Found a curved iron wand.
Found a stone staircase leading up.
The ogre shouts!
An ogre is nearby!
You barely miss the ogre.
The ogre hits you with a +0 giant club!!
You slash the ogre!
You feel better.
The ogre is moderately wounded.
The ogre hits you with a +0 giant club!!
Ouch! That really hurt!
* * * LOW HITPOINT WARNING * * *
You feel very mighty all of a sudden. The ogre hits you with a +0 giant club!
You die...

.. ... .. ... .... . ...
.... ##### #.# /...#
######...###+###.##....#
+........#..............
#........#..............
#........#.............#
#........#......@O.....#
#........#.........)...#
#.####..###...##.......#
#.####..###...##.......#
..#.....).....##.......#
..#.......<.............
..#.................<..#
###
..#....................#
#.. ..#(...+###########
#..


You could see an ogre.

Vanquished Creatures
  A hound (D:4)
  An orc wizard (D:4)
  4 gnolls (D:4)
  2 adders
  2 dart slugs
  3 orcs (D:4)
  4 endoplasms
  A giant cockroach (D:1)
  6 goblins
  4 hobgoblins
  4 jackals (D:4)
  3 kobolds
  2 quokkas
  3 ball pythons
  2 bats (D:2)
  3 frilled lizards
  A rat (D:2)
46 creatures vanquished.

Notes
Turn   | Place    | Note
-------+----------+-------------------------------------------
     0 | D:1      | Pimp the Demonspawn Fighter began the quest for the Orb.
     0 | D:1      | Reached XP level 1. HP: 18/18 MP: 1/1
   237 | D:1      | Gained mutation: You are surrounded by a mild repulsion
                  | field. (EV +2) [demonic ancestry]
   237 | D:1      | Reached XP level 2. HP: 22/24 MP: 2/2
   271 | D:1      | Identified a scroll of acquirement
   271 | D:1      | Acquired 541 gold pieces
   732 | D:2      | Found Muinuro's Antique Weapon Boutique.
   748 | D:2      | Reached XP level 3. HP: 4/29 MP: 3/3
   751 | D:2      | HP: 1/29 [poisoned by an adder]
   757 | D:2      | Bought a runed war axe for 169 gold pieces
  1062 | D:2      | You fall into a shaft and drop 2 floors!
  1087 | D:4      | Reached XP level 4. HP: 30/35 MP: 4/4
  1293 | D:4      | Reached XP level 5. HP: 37/42 MP: 5/5
  1577 | D:4      | Noticed an ogre
  1583 | D:4      | Mangled by an ogre

Illustrated notes

Levels and vault maps discovered:
D:1:      minmay_arrival_wavy_path, layout_rooms
D:2:      layout_loops_ring, serial_shops, shop
D:4:      layout_gridville, amethyst_overflow_temple_binary, serial_shops, shop,
          kennysheep_path_1, chequers_serial_rivers_room_a

Skill      XL: |  1  2 |
---------------+-------+-----
Axes           | 2 |  2.9
Armour         | 3 |  3.5
Shields        | 3 |  3.5
Fighting       | |  3.9

Action                     |  1- 3 |  4- 6 || total
---------------------------+-------+-------++-------
  Melee: War axe           |    62 |    67 ||   129
    Use: Scroll            |     4 |       ||     4
         Potion            |     3 |     1 ||     4
 Armour: Scale mail        |    35 |    47 ||    82
  Dodge: Dodged            |    51 |    53 ||   104
  Block: Buckler           |    14 |    17 ||    31

Table legend: (Time is in decaauts)
 A = Elapsed time spent in this place.
 B = Non-inter-level travel time spent in this place.
 C = Inter-level travel time spent in this place.
 D = Time resting spent in this place.
 E = Time spent auto-exploring this place.
 F = Levels seen in this place.
 G = Mean time per level.
                   A        B        C        D        E       F      G
               +--------+--------+--------+--------+--------+-----+--------+
         Total |   1634 |   1591 |     43 |      0 |   1187 |   3 |  544.7 |
       Dungeon |   1634 |   1591 |     43 |      0 |   1187 |   3 |  544.7 |
               +--------+--------+--------+--------+--------+-----+--------+

Top non-repeatable levels by time:
     D:2: 623 daAuts
     D:4: 549 daAuts
     D:1: 461 daAuts
